 Dungeon Crawl Stone Soup version 0.24.0-1-gfbc8707 (webtiles) character file.

Game seed: 15989703041727543093, levelgen mode: deterministic

261 BleediousPenious the Shield-Bearer (level 6, -7/48 HPs)
             Began as a Human Fighter on Jan 11, 2020.
             Was an Initiate of the Shining One.
             Mangled by a wyvern (13 damage)
             ... on level 4 of the Dungeon.
             The game lasted 00:09:32 (4721 turns).

BleediousPenious the Shield-Bearer (Human Fighter)  Turns: 4721, Time: 00:09:33

Health: -7/48      AC:  3    Str: 17    XL:     6   Next: 41%
Magic:  6/6        EV:  5    Int:  8    God:    the Shining One [......]
Gold:   219        SH: 14    Dex: 14    Spells: 5/5 levels left

rFire    . . .     SeeInvis .   a - +0 long sword
rCold    . . .     Gourm    .   m - +0 large shield
rNeg     . . .     Faith    .   b - +0 scale mail
rPois    .         Spirit   .   (no helmet)
rElec    .         Reflect  .   (no cloak)
rCorr    .         Harm     .   (no gloves)
MR       .....                  (no boots)
Stlth    ..........             (no amulet)
HPRegen  0.16/turn              (no ring)
MPRegen  0.10/turn              (no ring)

@: glowing
A: fangs 1, deformed body, mutation resistance 1
a: Renounce Religion


You were on level 4 of the Dungeon.
You worshipped the Shining One.
The Shining One was noncommittal.
You were not hungry.

You visited 1 branch of the dungeon, and saw 4 of its levels.

You collected 219 gold pieces.

Inventory:

Hand Weapons
 a - a +0 long sword (weapon)
Armour
 b - a +0 scale mail (worn)
 c - a +0 shield
 i - a cursed +0 plate armour
 m - a +0 large shield (worn)
Jewellery
 n - an uncursed ring of see invisible {unknown}
Wands
 p - a wand of polymorph (2)
Scrolls
 g - a scroll of teleportation {unknown}
 h - 2 scrolls of remove curse {unknown}
 k - 3 scrolls of identify {unknown}
 o - 2 scrolls of fear {unknown}


   Skills:
 + Level 3.9 Fighting
 + Level 4.0 Long Blades
 + Level 3.6 Armour
 + Level 1.2 Dodging
 + Level 0.1 Stealth
 + Level 4.2 Shields


You had 5 spell levels left.
You didn't know any spells.
Your spell library was empty.

Dungeon Overview and Level Annotations

Branches:
Dungeon (4/15)
 Temple: D:4-7

Altars:
Cheibriados
Gozag
Okawaru
The Shining One

Annotations:
D:3 Buxparty's ghost, amateur DgFE


Innate Abilities, Weirdness & Mutations

You have very sharp teeth.
Armour fits poorly on your strangely shaped body.
You are somewhat resistant to further mutation.


Message History

* * * LOW HITPOINT WARNING * * *
A frilled lizard comes into view.
The frilled lizard hisses angrily.
The scorpion stings you.
* * * LOW HITPOINT WARNING * * *
The frilled lizard unfolds its giant frill.
You block the frilled lizard's attack.
You see here a quokka corpse.
You are starting to lose your buoyancy.
The rat twitches its whiskers.
A wyvern comes into view.
The wyvern hisses angrily.
The rat twitches its whiskers.
You float gracefully downwards.
There is a stone staircase leading up here.
As you read the scroll labeled RATUTO OZYU, it crumbles to dust.
It is a scroll of amnesia.
You feel forgetful for a moment. You block the frilled lizard's attack.
The wyvern bites you!
You die...

#### ###### ###.<# ###....#
#....### ###......#######
###....## ##.........##...###
#.....###.............>....
#.....##................... ##
###..................#.......
.#..#...#........l.......#.......
#.......#.......@ls.r.....†......
#....#.....##...###...###.......#
#......##........#..............#
#......#.##......##......###....#
#........#.†....###........#.....
................# #........#..###
.......###†##....##.#..........##
......# #≈≈≈#....................
.....# #≈≈≈#.....#......#...###.


You could see a wyvern, a scorpion, a frilled lizard and a rat.

Vanquished Creatures
  Terence (D:3)
  Natasha (thrice) (D:3)
  8 adders
  2 oozes
  4 worms
  A leopard gecko (D:3)
  7 orcs (D:3)
  5 bats
  8 goblins
  4 hobgoblins
  2 jackals (D:4)
  3 quokkas
  A ball python (D:4)
  8 frilled lizards
  A jackal skeleton (D:2)
  7 kobolds
  6 rats
71 creatures vanquished.

Notes
Turn   | Place    | Note
-------+----------+-------------------------------------------
     0 | D:1      | BleediousPenious the Human Fighter began the quest for the
                  | Orb.
     0 | D:1      | Reached XP level 1. HP: 18/18 MP: 1/1
   249 | D:1      | Reached XP level 2. HP: 20/24 MP: 2/2
   611 | D:1      | Reached XP level 3. HP: 27/29 MP: 3/3
  1822 | D:3      | Found a faded altar of an unknown god.
  1934 | D:3      | Reached XP level 4. HP: 37/37 MP: 4/4
  1939 | D:3      | Found a glowing golden altar of the Shining One.
  1949 | D:3      | Became a worshipper of the Shining One
  2047 | D:3      | Found a snail-covered altar of Cheibriados.
  2244 | D:3      | Noticed Terence
  2249 | D:3      | Killed Terence
  2298 | D:3      | Reached skill level 1 in Dodging
  2298 | D:3      | Reached XP level 5. HP: 25/42 MP: 5/5
  2435 | D:3      | Noticed Natasha
  2450 | D:3      | Killed Natasha
  2957 | D:3      | Noticed Natasha
  2973 | D:3      | Killed Natasha
  3239 | D:3      | Noticed Natasha
  3322 | D:3      | Killed Natasha
  3322 | D:3      | Reached XP level 6. HP: 31/48 MP: 6/6
  4351 | D:4      | Found an opulent altar of Gozag.
  4411 | D:4      | Found an iron altar of Okawaru.
  4605 | D:4      | Found a runed translucent door.
  4630 | D:4      | Noticed Buxparty's ghost (amateur DgFE)
  4683 | D:4      | Gained mutation: Armour fits poorly on your strangely
                  | shaped body. [potion of mutation]
  4683 | D:4      | Gained mutation: You have very sharp teeth. [potion of
                  | mutation]
  4683 | D:4      | Gained mutation: You are somewhat resistant to further
                  | mutation. [potion of mutation]
  4715 | D:4      | Noticed a wyvern
  4721 | D:4      | Mangled by a wyvern

Levels and vault maps discovered:
D:1:      roderic_crop_circles_arrival_small, layout_loops_ring
D:2:      layout_rooms, first_ration
D:3:      layout_loops_corners, lemuel_coloured_pillars_altar,
          lemuel_crystal_altar, chequers_ecumenical_altar_island, uniq_natasha,
          uniq_terence
D:4:      layout_cave_pools, okawaru_ov_weapons_minmay,
          nicolae_overflow_crystal_walls, ebering_ghost_sewer_f

Skill      XL: |  1  2  3  4  5  6 |
---------------+-------------------+-----
Long Blades    | 3 4 |  4.0
Dodging        | 1 |  1.2
Shields        | 4 |  4.2
Fighting       | |  3.9
Armour         | |  3.6
Stealth        | |  0.1

Action                   |  1- 3 |  4- 6 || total
-------------------------+-------+-------++-------
Melee: Long sword        |   116 |   174 ||   290
       Unarmed           |       |     4 ||     4
  Use: Potion            |       |     5 ||     5
       Scroll            |       |     1 ||     1
  Eat: Ration            |     1 |     2 ||     3
       Chunk             |       |     3 ||     3
Armor: Scale mail        |    48 |    67 ||   115
Dodge: Dodged            |    32 |    32 ||    64
Block: Shield            |    44 |       ||    44
       Large shield      |     7 |   144 ||   151
       Rpst.: Long sword |    10 |     8 ||    18
